 Dungeon Crawl Stone Soup version 0.28.0-43-g3370ac3207 (webtiles) character file.

Game seed: 6766183115187714814

133 nickcage the Slasher (level 4, -6/39 HPs)
             Began as a Minotaur Fighter on Mar 7, 2022.
             Mangled by an orc priest
             ... wielding a +0 trident
              (7 damage)
             ... on level 3 of the Dungeon.
             The game lasted 00:03:16 (2146 turns).

nickcage the Slasher (Minotaur Fighter)             Turns: 2146, Time: 00:03:17

Health: -6/39      AC: 10    Str: 23    XL:     4   Next: 94%
Magic:  3/3        EV:  8    Int:  5    God:
Gold:   81         SH:  8    Dex:  9    Spells: 3/3 levels left

rFire   . . .      SeeInvis .   a - +0 long sword
rCold   . . .      Faith    .   k - +0 kite shield
rNeg    . . .      Spirit   .   b - +0 scale mail
rPois   .          Reflect  .   (helmet restricted)
rElec   .          Harm     .   (no cloak)
rCorr   .          Rampage  .   (no gloves)
Will    .....                   (no boots)
Stlth   ..........              (no amulet)
HPRegen 0.13/turn               g - +4 ring of protection
MPRegen 0.08/turn               (no ring)

@: no status effects
A: horns 2, retaliatory headbutt
a: no special abilities


You were on level 3 of the Dungeon.
You visited 1 branch of the dungeon, and saw 3 of its levels.

You collected 81 gold pieces.

Inventory:

Hand Weapons
 a - a +0 long sword (weapon)
Armour
 b - a +0 scale mail (worn)
 c - a +0 buckler
 k - a +0 kite shield (worn)
Jewellery
 g - a +4 ring of protection (left hand)
Scrolls
 f - a scroll of noise {unknown}
 i - a scroll of blinking {unknown}
 j - a scroll of identify {unknown}
 m - a scroll of vulnerability {unknown}
 n - a scroll of fog {unknown}
Potions
 d - a potion of might
 e - a potion of magic {unknown}
 h - a potion of brilliance {unknown}
 l - a potion of flight {unknown}
 o - a potion of curing {unknown}


   Skills:
 - Level 3.6 Fighting
 + Level 6.3 Long Blades
 - Level 3.6 Armour
 - Level 3.6 Shields


You had 3 spell levels left.
You didn't know any spells.
Your spell library contained the following spells:

 Spells                   Type           Power      Damage    Failure   Level
 Gell's Gravitas          Tloc           0%         N/A       100%        3
 Lesser Beckoning         Tloc           0%         N/A       100%        3
 Teleport Other           Tloc           0%         N/A       100%        3


Dungeon Overview and Level Annotations

Branches:
Dungeon (3/15)

Altars:

Shops:
D:2 (


Innate Abilities, Weirdness & Mutations

You have a pair of horns on your head.
You reflexively headbutt those who attack you in melee.


Message History

An orc priest comes into view. It is wielding a +0 trident.
An orc and an orc wizard come into view.
The orc shouts!
The orc wizard shouts!
An orc comes into view. It is wielding a +0 flail.
The orc priest invokes the aid of Beogh against you.
Beogh smites you!
Things that are here:
a +0 dagger; a +0 scale mail The orc wizard mumbles some strange words.
The orc wizard flickers and vanishes!
Deactivating autopickup; reactivate with Ctrl-A.
The orc priest invokes the aid of Beogh against you.
Beogh smites you!
You hear a shout!
You hit the orc priest but do no damage.
You block the orc priest's attack.
You slash the orc priest! You headbutt the orc priest.
The orc priest is severely wounded.
The orc priest invokes the aid of Beogh against you.
Beogh smites you!
* * * LOW HITPOINT WARNING * * *
The orc priest barely misses you.
You barely miss the orc priest.
The orc priest is severely wounded.
An orc comes into view. It is wielding a +0 trident.
The orc priest calls down the wrath of Beogh upon you.
Pain shoots through your body!
* * * LOW HITPOINT WARNING * * *
You closely miss the orc priest.
You headbutt the orc priest, but do no damage.
The orc priest is severely wounded.
The orc priest calls down the wrath of Beogh upon you.
You barely resist. You hit the orc priest.
The orc priest is almost dead.
You block the orc priest's attack.
You hit the orc priest but do no damage.
The orc priest is almost dead.
The orc priest hits you with a +0 trident!
You die...

#######
#######.....#
........###.#
######### #.#
#.##############
#.....@o{oo....#
##########o....#
....... ......#
####### 8...8.#
....... ......#
....... oo....#
####### .o....#


You could see an orc priest and 3 orcs.

Vanquished Creatures
  5 gnolls
  An adder (D:2)
  A dart slug (D:1)
  2 orcs (D:3)
  4 ball pythons
  A bat (D:1)
  4 endoplasms
  4 giant cockroaches
  10 goblins
  3 hobgoblins
  9 jackals
  5 kobolds
  6 quokkas
  A frilled lizard (D:1)
  3 rats
59 creatures vanquished.

Vanquished Creatures (others)
  2 plants (D:2)
2 creatures vanquished.

Grand Total: 61 creatures vanquished

Notes
Turn   | Place    | Note
-------+----------+-------------------------------------------
     0 | D:1      | nickcage the Minotaur Fighter began the quest for the Orb.
     0 | D:1      | Reached XP level 1. HP: 19/19 MP: 0/0
    61 | D:1      | Reached skill level 3 in Long Blades
   116 | D:1      | Reached XP level 2. HP: 25/26 MP: 1/1
   180 | D:1      | Reached skill level 4 in Long Blades
   313 | D:1      | Reached XP level 3. HP: 31/31 MP: 2/2
  1166 | D:2      | Reached skill level 5 in Long Blades
  1418 | D:2      | Reached XP level 4. HP: 39/39 MP: 3/3
  1548 | D:2      | Found a faded altar of an unknown god.
  1586 | D:2      | Found Fereh's Weapon Emporium.
  1827 | D:3      | Reached skill level 6 in Long Blades
  2143 | D:3      | HP: 1/39 [orc priest/nerve-wracking pain (3)]
  2146 | D:3      | Mangled by an orc priest

Illustrated notes

Levels and vault maps discovered:
D:1:      ebering_trefoil_twist, layout_basic,
          nicolae_concentric_dashed_squares_wild, wad_floor_pattern_untrapped,
          fountainhead, skrybe_limestone_x, hangedman_decor_peaks_small
D:2:      kennysheep_the_goblin_king, layout_rooms, serial_shops,
          nicolae_shop_advertising_works [nicolae_subvault_shop_adworks],
          chequers_ecumenical_altar_lobes
D:3:      cheibrodos_pilgrimage, layout_loops_ring

Skill      XL: |  1  2  3  4 |
---------------+-------------+-----
Long Blades    | 3 4 5 6 |  6.3
Fighting       | |  3.6
Armour         | |  3.6
Shields        | |  3.6

Action                   |  1- 3 |  4- 6 || total
-------------------------+-------+-------++-------
Melee: Long sword        |    99 |    47 ||   146
       Headbutt          |    14 |    11 ||    25
Armor: Scale mail        |    71 |    20 ||    91
Dodge: Dodged            |    55 |    13 ||    68
Block: Buckler           |    21 |       ||    21
       Kite shield       |    17 |    23 ||    40
